 Dungeon Crawl Stone Soup version 0.26-a0-946-g9485abf61d (webtiles) character file.

Game seed: 17470272401371058483

41 PentaManta the Sneak (level 3, -2/19 HPs)
             Began as a Vine Stalker Monk on Nov 28, 2020.
             Slain by a gnoll
             ... wielding a +0 spear
              (7 damage)
             ... on level 2 of the Dungeon.
             The game lasted 00:02:36 (1273 turns).

PentaManta the Sneak (Vine Stalker Monk)            Turns: 1273, Time: 00:02:37

Health: -2/19      AC:  5    Str: 14    XL:     3   Next: 52%
Magic:  0/4        EV: 11    Int: 10    God:
Gold:   53         SH:  0    Dex: 16    Spells: 2/2 levels left

rFire    . . .     SeeInvis .     - Unarmed
rCold    . . .     Faith    .   (no shield)
rNeg     . . .     Spirit   +   h - +0 ring mail
rPois    .         Reflect  .   (no helmet)
rElec    .         Harm     .   (no cloak)
rCorr    .         Rampage  .   (no gloves)
MR       .....                  (no boots)
Stlth    ++........             (no amulet)
HPRegen  0.06/turn              (no ring)
MPRegen  0.09/turn              (no ring)

@: no status effects
A: fangs 2, magic shield, antimagic bite, no potion heal 3, rot immunity
a: no special abilities


You were on level 2 of the Dungeon.
You visited 1 branch of the dungeon, and saw 2 of its levels.

You collected 53 gold pieces.

Inventory:

Armour
 a - a +0 robe
 h - a +0 ring mail (worn)
Scrolls
 b - a scroll of identify {unknown}
 f - a scroll of fear {unknown}
 g - a scroll of blinking {unknown}
 i - a scroll of remove curse {unknown}
Potions
 c - a potion of invisibility {unknown}
 d - 2 potions of heal wounds {unknown}
 e - a potion of flight {unknown}
 j - a potion of cancellation {unknown}


   Skills:
 - Level 2.6 Fighting
 - Level 2.4 Dodging
 + Level 3.9 Stealth
 + Level 3.7 Unarmed Combat


You had 2 spell levels left.
You didn't know any spells.
Your spell library was empty.

Dungeon Overview and Level Annotations

Branches:
Dungeon (2/15)

Altars:


Innate Abilities, Weirdness & Mutations

You have extremely sharp teeth.
When hurt, damage is shared between your health and your magic reserves.
Your bite disrupts and absorbs the magic of your enemies.
Potions cannot restore your health.
You are immune to rotting.


Message History

The gnoll hits you but does no damage.
You hit the jackal but do no damage. The rat misses you.
The hobgoblin closely misses you.
The giant cockroach bites you but does no damage.
The frilled lizard bites you. The jackal barely misses you.
The gnoll hits you from afar with a +0 spear.
You miss the jackal. You bite the jackal, but do no damage.
The jackal barely misses you.
A jackal comes into view.
The gnoll misses you. The giant cockroach closely misses you.
The jackal closely misses you. The rat bites you but does no damage.
The hobgoblin hits you.
* * * LOW HITPOINT WARNING * * *
The jackal bites you but does no damage.
The frilled lizard bites you. The gnoll barely misses you.
The jackal moves out of view.
The gnoll barely misses you. The hobgoblin closely misses you.
The rat barely misses you. The frilled lizard barely misses you.
The gnoll hits you from afar with a +0 spear!
You die...

(..#. #........#......
...#.########........#......
..>.................'......
#####..#####...........#......
..........##...#'.........####
..........'.....'..........†..
..........###+#.#.^........###
..........###...'...........##
##
...........gl@#.#.........#.##
.#
........w..grhgh...#.##...#.##
.+ .......###...Bh....#.
#...#..#
.############...h.......
<...##.#
.....<.....##g...#'#.##(##...#
.. ######...........#.#...
#... .. ..............#.....
... ###. ..............#.....$
.. ..+...
..##..........#....... ..#...


You could see a worm, 3 gnolls, 4 jackals, a giant cockroach, a hobgoblin, a
frilled lizard and a rat.

Vanquished Creatures
  2 dart slugs
  A ball python (D:1)
  5 giant cockroaches
  4 goblins
  3 hobgoblins
  6 jackals (D:1)
  4 bats
  3 kobolds
  5 rats
33 creatures vanquished.

Notes
Turn   | Place    | Note
-------+----------+-------------------------------------------
     0 | D:1      | PentaManta the Vine Stalker Monk began the quest for the
                  | Orb.
     0 | D:1      | Reached XP level 1. HP: 11/11 MP: 2/2
   312 | D:1      | Reached XP level 2. HP: 16/16 MP: 3/3
   713 | D:2      | Reached XP level 3. HP: 19/19 MP: 4/4
  1273 | D:2      | Slain by a gnoll

Illustrated notes

Levels and vault maps discovered:
D:1:      lightli_arrival_windingriver, layout_basic
D:2:      layout_basic, gammafunk_temple_overflow_pools

Skill      XL: |  1 |
---------------+----+-----
Stealth        | 3 |  3.9
Fighting       | |  2.6
Dodging        | |  2.4
Unarmed Combat | |  3.7

Action                   || total
-------------------------++-------
Melee: Unarmed           ||    87
       Bite              ||    22
       Punch             ||     2
 Stab: Sleeping          ||     7
Armor: Robe              ||    11
       Ring mail         ||    14
Dodge: Dodged            ||    63

Table legend: (Time is in decaauts)
 A = Elapsed time spent in this place.
 B = Non-inter-level travel time spent in this place.
 C = Inter-level travel time spent in this place.
 D = Time resting spent in this place.
 E = Time spent auto-exploring this place.
 F = Levels seen in this place.
 G = Mean time per level.
                   A        B        C        D        E       F      G
               +--------+--------+--------+--------+--------+-----+--------+
         Total |   1267 |   1251 |     16 |      0 |   1034 |   2 |  633.5 |
       Dungeon |   1267 |   1251 |     16 |      0 |   1034 |   2 |  633.5 |
               +--------+--------+--------+--------+--------+-----+--------+

Top non-repeatable levels by time:
     D:1: 705 daAuts
     D:2: 562 daAuts
